 Dungeon Crawl Stone Soup version 0.27.0-1-g7a089689b8 (console) character file.

Game seed: 4079871221551546842

91 jejorda2 the Vexing (level 4, 0/35 HPs)
             Began as a Palentonga Enchanter on Aug 9, 2021.
             Was a Follower of Vehumet.
             Slain by Sigmund (10 damage)
             ... on level 4 of the Dungeon.
             The game lasted 00:09:42 (3741 turns).

jejorda2 the Vexing (Palentonga Enchanter)          Turns: 3741, Time: 00:09:43

Health: 0/35       AC:  9    Str: 13    XL:     4   Next: 34%
Magic:  7/7        EV:  4    Int: 15    God:    Vehumet [*.....]
Gold:   46         SH:  0    Dex: 10    Spells: 6/7 levels left

rFire    . . .     SeeInvis +   b - +0 dagger (speed)
rCold    . . .     Faith    .   (no shield)
rNeg     . . .     Spirit   .   t - +0 chain mail
rPois    .         Reflect  .   (no helmet)
rElec    .         Harm     .   (no cloak)
rCorr    .         Rampage  .   p - +1 pair of gloves
Will     .....                  (no barding)
Stlth    ..........             (no amulet)
HPRegen  0.11/turn              (no ring)
MPRegen  0.10/turn              (no ring)

@: mighty
A: large, rugged brown scales 3, see invisible, deformed body, roll 1, armoured
tail
a: Rolling Charge, Renounce Religion


You were on level 4 of the Dungeon.
You worshipped Vehumet.
Vehumet was aware of your devotion.
You visited 1 branch of the dungeon, and saw 4 of its levels.

You collected 116 gold pieces.
You spent 70 gold pieces at shops.

Inventory:

Hand Weapons
 a - a +0 long sword
 b - a +0 dagger of speed (weapon)
 m - a +1 dagger
Missiles
 c - 51 stones
 r - 16 poisoned darts
Armour
 p - a +1 pair of gloves (worn)
 t - a +0 chain mail (worn)
Jewellery
 l - a ring of magical power
Wands
 y - a wand of mindburst (9)
Scrolls
 d - 3 scrolls of enchant weapon {unknown}
 e - 2 scrolls of identify {unknown}
 f - a scroll of immolation {unknown}
 g - 2 scrolls of enchant armour {unknown}
 j - 2 scrolls of amnesia {unknown}
 n - a scroll of teleportation {unknown}
 o - a scroll of holy word {unknown}
 q - a scroll of fog {unknown}
 s - a scroll of acquirement {unknown}
 u - a scroll of silence {unknown}
 x - a scroll of torment {unknown}
Potions
 h - 3 potions of curing
 i - a potion of haste {unknown}
 k - a potion of heal wounds {unknown}
 v - a potion of attraction {unknown}
 z - a potion of cancellation {unknown}


   Skills:
 + Level 2.2 Fighting
 - Level 2.5 Short Blades
 * Level 0.3(1.5) Long Blades
 + Level 1.4 Armour
 - Level 1.5 Dodging
 - Level 2.0 Stealth
 - Level 2.0 Spellcasting
 - Level 3.0 Hexes


You had 6 spell levels left.
You knew the following spells:

 Your Spells              Type           Power      Damage    Failure   Level
a - Corona                Hex            11%        N/A       91%         1

Your spell library contained the following spells:

 Spells                   Type           Power      Damage    Failure   Level
 Freeze                   Ice            4%         1d3       100%        1
 Ensorcelled Hibernation  Hex/Ice        12%        N/A       99%         2
 Animate Skeleton         Necr           2%         N/A       100%        1
 Pain                     Necr           4%         1d4       100%        1
 Confusing Touch          Hex            10%        N/A       100%        3
 Dazzling Flash           Conj/Hex       12%        N/A       100%        3
 Tukima's Dance           Hex            10%        N/A       100%        3
 Vampiric Draining        Necr           0%         2d6       100%        3


Dungeon Overview and Level Annotations

Branches:
Dungeon (4/15)
 Temple: D:4-7

Altars:
Uskayaw
Vehumet
Wu Jian

Shops:
D:2 *   D:3 !

Annotations:
D:4 Sigmund


Innate Abilities, Weirdness & Mutations

You are completely covered in rugged brown scales. (AC +3, +7% HP)
You have supernaturally acute eyesight. (SInv)
Armour fits poorly on your strangely shaped body.
You can roll at nearby foes to attack.
You have a long armoured tail.


Message History

Sigmund shouts!
Found a cloak.
Roll where?
Press: ? - help, Dir - move target, f - Sigmund
Aim: Sigmund, wielding a +0 scythe and wearing a +0 robe You roll forward with a clatter of scales!
You hit Sigmund.
Sigmund is lightly wounded.
You hear an angry hiss.
Sigmund gestures wildly while chanting.
Sigmund flickers and vanishes for a moment.
You hit Sigmund but do no damage.
Sigmund is lightly wounded.
You hit Sigmund but do no damage.
Sigmund is lightly wounded.
Sigmund points at you and mumbles some strange words.
The puff of flame hits you.
a - a +0 long sword (weapon)
Your hands tingle!
b - a +0 dagger of speed (weapon)
Sigmund hits you with a +0 scythe!
You hit Sigmund but do no damage.
Sigmund is lightly wounded.
You closely miss Sigmund.
Your tail-slap misses Sigmund.
Sigmund is lightly wounded.
Sigmund hits you with a +0 scythe.
You completely miss Sigmund.
Sigmund is lightly wounded.
You closely miss Sigmund. You tail-slap Sigmund.
Sigmund is moderately wounded.
Sigmund hits you with a +0 scythe!
* * * LOW HITPOINT WARNING * * *
You hit Sigmund.
Sigmund is heavily wounded.
You hit Sigmund.
Sigmund is heavily wounded.
Sigmund hits you but does no damage.
You feel very mighty all of a sudden. Sigmund hits you with a +0 scythe!
You die...

### #.. #.##.#
#.##.#######
####.##..@@.[.#
#
........#####.#
#. ####.##.#
#..# #.##.#
.....##.##.#
#...<##.##
#........#
#^#####..# ..
#..#


You could see Sigmund (invisible).

Vanquished Creatures
  3 adders
  6 worms
  An orc (D:3)
  4 ball pythons
  3 bats
  8 endoplasms
  2 giant cockroaches
  6 goblins
  4 hobgoblins
  2 quokkas
  2 frilled lizards
  2 kobolds
  3 rats
46 creatures vanquished.

Notes
Turn   | Place    | Note
-------+----------+-------------------------------------------
     0 | D:1      | jejorda2 the Palentonga Enchanter began the quest for the
                  | Orb.
     0 | D:1      | Reached XP level 1. HP: 13/13 MP: 3/3
   536 | D:1      | Reached skill level 1 in Fighting
   671 | D:1      | Reached XP level 2. HP: 16/22 MP: 5/5
  1658 | D:2      | Found Sioteul's Assorted Antiques.
  1744 | D:2      | Reached XP level 3. HP: 18/27 MP: 6/6
  1885 | D:2      | Reached skill level 1 in Armour
  2757 | D:3      | Reached XP level 4. HP: 35/35 MP: 7/7
  3062 | D:3      | Found Mush's Distillery.
  3071 | D:3      | Bought a potion of curing for 30 gold pieces
  3071 | D:3      | Bought a potion of might for 40 gold pieces
  3486 | D:3      | Found a faded altar of an unknown god.
  3489 | D:3      | Became a worshipper of Vehumet
  3489 | D:3      | Reached * piety under Vehumet
  3489 | D:3      | Offered knowledge of Freeze by Vehumet.
  3536 | D:3      | Found an ornate altar of the Wu Jian Council.
  3536 | D:3      | Found a hide-covered altar of Uskayaw.
  3729 | D:4      | Noticed Sigmund
  3741 | D:4      | Slain by Sigmund

Illustrated notes

Levels and vault maps discovered:
D:1:      dpeg_arrival_water_fire, layout_loops_corners
D:2:      layout_rooms, serial_shops, nicolae_shop_waterfront,
          minmay_diced_spiral
D:3:      layout_basic, gammafunk_temple_overflow_elements,
          shapermc_ecumenical_altar_mp_vishouse, serial_shops, shop
D:4:      layout_loops_ring, serial_glass, glass_columns_a, glass_columns_a,
          item_on_display_a, due_unseen_surprise, kennysheep_generic_room_3,
          uniq_sigmund

Skill      XL: |  1  2  3 |
---------------+----------+-----
Fighting       | 1 2 |  2.2
Short Blades   | 2 |  2.5
Armour         | 1 |  1.4
Long Blades    | |  0.3
Dodging        | |  1.5
Stealth        | |  2.0
Spellcasting   | |  2.0
Hexes          | |  3.0

Action                   |  1- 3 |  4- 6 || total
-------------------------+-------+-------++-------
Melee: Dagger            |   157 |    56 ||   213
       Tailslap          |    18 |     6 ||    24
       Long sword        |       |     8 ||     8
 Abil: Rolling Charge    |    25 |     8 ||    33
  Use: Potion            |       |     1 ||     1
Armor: Robe              |     3 |       ||     3
       Scale mail        |    38 |       ||    38
       Chain mail        |     2 |    12 ||    14
Dodge: Dodged            |    18 |     5 ||    23
